[Event "Bhopal GM Open 2018"]
[Site "Bhopal"]
[Date "2018.12.27"]
[Round "9"]
[White "Gajwa Ankit"]
[Black "Rathnakaran, K.."]
[Result "1/2-1/2"]
[ECO "B06"]
[WhiteElo "2253"]
[BlackElo "2366"]
[Annotator "RC"]
[PlyCount "122"]
[EventDate "2018.12.21"]
[EventType "swiss"]
[EventCountry "IND"]
[SourceTitle "playchess.com"]
[Source "ChessBase"]
[SourceQuality "1"]
[TimeControl "5400+30"]

1. e4 g6 2. d4 d6 3. Nc3 c6 4. Nf3 Qc7 5. Be2 Bg7 6. O-O Nd7 7. a4 Ngf6 8. Be3 O-O 9. Nd2 e5 10. dxe5 dxe5 11. Nc4 Ne8 12. a5 f5 13. exf5 gxf5 14. f4 e4 15. Bd4 Bxd4+ 16. Qxd4 Ndf6 17. Ne3 Ng7 18. Bc4+ Kh8 19. Qc5 Nd7 20. Qd4 Nf6 21. Ne2 c5 22. Qc3 Bd7 23. Ng3 Rae8 24. Rad1 b5 25. axb6 axb6 26. Be2 Be6 27. Bb5 Rc8 28. b3 h5 29. Ne2 Kh7 30. Rd2 Qe7 31. Rfd1 Rcd8 32. Bc4 Rxd2 33. Qxd2 Bxc4 34. Nxc4 b5 35. Ne3 Ng4 36. h3 Nxe3 37. Qxe3 Ne6 38. Rd5 b4 39. Rxf5 Rxf5 40. Qxe4 Qf6 41. g4 Ng7 42. Ng3 hxg4 43. hxg4 Qg6 44. Nxf5 Qxg4+ 45. Ng3+ Kg8 46. Kf2 Ne6 47. Ne2 Kf7 48. Ke3 Kf6 49. Qe5+ Kg6 50. Kd3 Qf5+ 51. Qxf5+ Kxf5 52. Kc4 Ke4 53. f5 Kxf5 54. Kd5 Kf6 55. Kd6 Kf7 56. Ke5 Ke7 57. Kd5 Kd7 58. Nc1 Nd4 59. Nd3 Nxc2 60. Kxc5 Na1 61. Kxb4 Nxb3 1/2-1/2

[Event "Bhopal GM Open 2018"]
[Site "Bhopal"]
[Date "2018.12.27"]
[Round "9"]
[White "Md.abzid, Rahman"]
[Black "Laxman, R.R."]
[Result "0-1"]
[ECO "E15"]
[WhiteElo "2040"]
[BlackElo "2436"]
[Annotator "NA RC"]
[PlyCount "52"]
[EventDate "2018.12.21"]
[EventType "swiss"]
[EventCountry "IND"]
[SourceTitle "playchess.com"]
[Source "ChessBase"]
[SourceQuality "1"]
[TimeControl "5400+30"]

1. d4 Nf6 2. c4 e6 3. Nf3 b6 4. g3 Ba6 5. Qc2 c5 6. Bg2 {[%emt 0:01:20] LiveBook: 124 Games} Nc6 7. dxc5 Bxc5 8. O-O Rc8 9. b3 {[%emt 0:01:07] E15: Queen's Indian: 4 g3 sidelines, 4 g3 Ba6 and 4 g3 Bb7 early deviations} (9. Qa4 Bb7 10. Nc3 O-O 11. Bf4 Qe7 12. a3 Bd6 13. Bxd6 {½-½ (13) Houska,J (2479)-Gusan,B (2500) ICCF email 2009}) 9... d5 10. Nbd2 O-O 11. Bb2 dxc4 12. Ne4 $146 ({Predecessor:} 12. Nxc4 Qe7 13. Rfd1 Na5 14. Ng5 Bxf2+ 15. Kf1 Nxc4 16. bxc4 Be3 {0-1 (32) Kraidman,Y (2277)-Siegmund,R (2187) Dresden 2007}) 12... Nb4 13. Qb1 Be7 14. Rd1 Nbd5 15. Nfg5 (15. bxc4 $1 $15 Nxe4 16. cxd5 exd5 17. Nh4) 15... Nxe4 16. Nxe4 Qc7 17. Rc1 Qd7 18. Bf3 Rfd8 19. h4 h6 20. Bh5 (20. Nc3 $17) 20... Bb5 21. Rd1 (21. a4 $17 {was worth a try.} Ba6 22. bxc4 Bxc4 23. Nd2) 21... Qc7 $19 22. bxc4 Qxc4 23. Bxg7 Kxg7 24. Qb2+ Nf6 25. Rxd8 Rxd8 26. Bf3 Qd4 0-1

[Event "Bhopal GM Open 2018"]
[Site "Bhopal"]
[Date "2018.12.27"]
[Round "9"]
[White "Parthasarathy, R."]
[Black "Nitin, S.."]
[Result "0-1"]
[ECO "B27"]
[WhiteElo "2019"]
[BlackElo "2450"]
[Annotator "RC"]
[PlyCount "68"]
[EventDate "2018.12.21"]
[EventType "swiss"]
[EventCountry "IND"]
[SourceTitle "playchess.com"]
[Source "ChessBase"]
[SourceQuality "1"]
[TimeControl "5400+30"]

1. e4 c5 2. Nf3 b6 3. c4 Bb7 4. Nc3 e6 5. d4 cxd4 6. Nxd4 a6 7. Be2 Qc7 8. O-O Nf6 9. Qd3 d6 10. f4 Nbd7 11. b4 Be7 12. f5 e5 13. Nb3 h6 14. Be3 Rc8 15. Rac1 Qb8 16. a3 O-O 17. Nd2 Rfe8 18. Nd5 Bd8 19. Bf3 Bc6 20. Nb1 b5 21. Nxf6+ Nxf6 22. c5 d5 23. exd5 e4 24. Bxe4 Nxe4 25. Bf4 Bc7 26. Bxc7 Qxc7 27. dxc6 Rcd8 28. Qf3 Ng5 29. Qf4 Qxc6 30. Nc3 Rd3 31. Rfd1 Rde3 32. Qd6 Qc8 33. Qd7 Re1+ 34. Kf2 Qxd7 0-1

[Event "Bhopal GM Open 2018"]
[Site "Bhopal"]
[Date "2018.12.28"]
[Round "10"]
[White "Tran, Tuan Minh"]
[Black "Manik, Mikulas"]
[Result "1-0"]
[ECO "E73"]
[WhiteElo "2524"]
[BlackElo "2410"]
[Annotator "RC"]
[PlyCount "81"]
[EventDate "2018.12.21"]
[EventType "swiss"]
[EventCountry "IND"]
[SourceTitle "playchess.com"]
[Source "ChessBase"]
[SourceQuality "1"]
[TimeControl "5400+30"]

1. d4 Nf6 2. c4 g6 3. Nc3 Bg7 4. e4 d6 5. Be2 O-O 6. Be3 Na6 7. Nf3 c5 8. O-O Bg4 9. Qd2 Nd7 10. Rad1 Nc7 11. Rfe1 Bxf3 12. Bxf3 cxd4 13. Bxd4 Ne5 14. Be2 Ne6 15. Be3 Nc6 16. Nd5 a5 17. b3 Nc5 18. f3 e5 19. Nb6 Qxb6 20. Qxd6 Bh6 21. Bf2 Rfd8 22. Qxc5 Qxc5 23. Bxc5 Nb4 24. Rxd8+ Rxd8 25. Bb6 Rd6 26. c5 Rc6 27. Bc4 Rc8 28. Bxa5 Nc2 29. Re2 Nd4 30. Rb2 Rxc5 31. Bb4 Rc8 32. a4 Kg7 33. Kf2 f5 34. a5 Nc6 35. Bc3 fxe4 36. fxe4 Bg5 37. Bd5 Nd4 38. Bb4 Bc1 39. Ra2 Nc6 40. Rc2 Bg5 41. a6 1-0

[Event "Bhopal GM Open 2018"]
[Site "Bhopal"]
[Date "2018.12.28"]
[Round "10"]
[White "Deviatkin, Andrei"]
[Black "Nitin Shankar Madhu"]
[Result "1-0"]
[ECO "C68"]
[WhiteElo "2464"]
[BlackElo "2002"]
[Annotator "RC"]
[PlyCount "91"]
[EventDate "2018.12.21"]
[EventType "swiss"]
[EventCountry "IND"]
[SourceTitle "playchess.com"]
[Source "ChessBase"]
[SourceQuality "1"]
[TimeControl "5400+30"]

1. e4 e5 2. Nf3 Nc6 3. Bb5 a6 4. Bxc6 dxc6 5. O-O f6 6. d4 exd4 7. Nxd4 c5 8. Ne2 Qxd1 9. Rxd1 Bd7 10. Be3 O-O-O 11. Nbc3 Bd6 12. Bf4 Bxf4 13. Nxf4 Re8 14. f3 Bc6 15. Kf2 Nh6 16. Nh5 Rhg8 17. g4 Nf7 18. Nd5 Re5 19. Nhf4 Ree8 20. c4 Ne5 21. b3 Rgf8 22. Rd2 Rf7 23. h4 g6 24. Re1 a5 25. a4 Ref8 26. Ne6 Rh8 27. Red1 b6 28. Ndxc7 Rxc7 29. Rd8+ Rxd8 30. Rxd8+ Kb7 31. Nxc7 Kxc7 32. Rh8 Nf7 33. Rxh7 Be8 34. Rg7 Kd6 35. Rxg6 Ke7 36. Rg8 Nd6 37. Rh8 Nf7 38. Rh5 Kf8 39. Rd5 Bc6 40. Rd1 Ke7 41. Kg3 Be8 42. Kf4 Ne5 43. g5 Nxf3 44. gxf6+ Ke6 45. Rd8 Bh5 46. Rh8 1-0

[Event "Bhopal GM Open 2018"]
[Site "Bhopal"]
[Date "2018.12.28"]
[Round "10"]
[White "Khusenkhojaev, Muhammad"]
[Black "Sri Sai Baswanth P"]
[Result "1-0"]
[ECO "A85"]
[WhiteElo "2455"]
[BlackElo "1921"]
[Annotator "RC"]
[PlyCount "61"]
[EventDate "2018.12.21"]
[EventType "swiss"]
[EventCountry "IND"]
[SourceTitle "playchess.com"]
[Source "ChessBase"]
[SourceQuality "1"]
[TimeControl "5400+30"]

1. d4 f5 2. c4 Nf6 3. Nc3 e6 4. g3 Be7 5. Bg2 O-O 6. Nf3 d6 7. O-O Ne4 8. Qc2 Nxc3 9. bxc3 Nc6 10. e4 e5 11. d5 Na5 12. c5 b6 13. c6 Qe8 14. c4 Qg6 15. Ba3 fxe4 16. Nxe5 Qe8 17. Nd7 Bxd7 18. cxd7 Qxd7 19. Bxe4 Qh3 20. c5 Bf6 21. cxd6 cxd6 22. Bxd6 Rfc8 23. Bc7 Bxa1 24. Rxa1 Rf8 25. d6 Rae8 26. Rd1 Qh5 27. Rd5 Qh6 28. d7 Rxe4 29. Qxe4 Qc1+ 30. Kg2 Qxc7 31. Qe6+ 1-0

[Event "Bhopal GM Open 2018"]
[Site "Bhopal"]
[Date "2018.12.28"]
[Round "10"]
[White "Nitin, S.."]
[Black "Anuj Shrivatri"]
[Result "1/2-1/2"]
[ECO "C48"]
[WhiteElo "2450"]
[BlackElo "2357"]
[Annotator "RC"]
[PlyCount "52"]
[EventDate "2018.12.21"]
[EventType "swiss"]
[EventCountry "IND"]
[SourceTitle "playchess.com"]
[Source "ChessBase"]
[SourceQuality "1"]
[TimeControl "5400+30"]

1. Nc3 Nf6 2. e4 e5 3. Nf3 Nc6 4. Bb5 Bc5 5. O-O O-O 6. Nxe5 Nxe5 7. d4 Bd6 8. dxe5 Bxe5 9. Bd3 Re8 10. Bg5 c6 11. Qf3 d6 12. h3 Be6 13. a4 h6 14. Bf4 Nd7 15. Be3 Nc5 16. Qh5 Qa5 17. Bxc5 Qxc5 18. Kh1 Bxc3 19. Qxc5 dxc5 20. bxc3 Rad8 21. Rfd1 Rd7 22. a5 Red8 23. Rdb1 c4 24. Bf1 Rc7 25. f4 f6 26. Ra4 Rd2 1/2-1/2

[Event "Bhopal GM Open 2018"]
[Site "Bhopal"]
[Date "2018.12.28"]
[Round "10"]
[White "Nguyen, Van Huy"]
[Black "Sahoo, Utkal Ranjan"]
[Result "1/2-1/2"]
[ECO "A05"]
[WhiteElo "2438"]
[BlackElo "2286"]
[Annotator "RC"]
[PlyCount "25"]
[EventDate "2018.12.21"]
[EventType "swiss"]
[EventCountry "IND"]
[SourceTitle "playchess.com"]
[Source "ChessBase"]
[SourceQuality "1"]
[TimeControl "5400+30"]

1. Nf3 Nf6 2. c4 e6 3. g3 d5 4. d4 Bb4+ 5. Bd2 Be7 6. Bg2 O-O 7. O-O c6 8. Qc2 Nbd7 9. Rd1 b6 10. b3 Ba6 11. a4 c5 12. a5 Qc8 13. cxd5 1/2-1/2

[Event "Bhopal GM Open 2018"]
[Site "Bhopal"]
[Date "2018.12.28"]
[Round "10"]
[White "Laxman, R.R."]
[Black "Gajwa Ankit"]
[Result "1/2-1/2"]
[ECO "A48"]
[WhiteElo "2436"]
[BlackElo "2253"]
[Annotator "RC"]
[PlyCount "42"]
[EventDate "2018.12.21"]
[EventType "swiss"]
[EventCountry "IND"]
[SourceTitle "playchess.com"]
[Source "ChessBase"]
[SourceQuality "1"]
[TimeControl "5400+30"]

1. d4 Nf6 2. Nf3 g6 3. c4 Bg7 4. Nc3 c5 5. d5 O-O 6. Bf4 d6 7. h3 b5 8. cxb5 a6 9. bxa6 Bxa6 10. g3 Nbd7 11. Bg2 Nb6 12. O-O Nc4 13. b3 Nh5 14. bxc4 Nxf4 15. gxf4 Bxc3 16. Rc1 Qa5 17. Qd3 Bb2 18. Rc2 Qxa2 19. Qe4 Rfe8 20. Nd2 Qa3 21. Nf3 Rf8 1/2-1/2

[Event "Bhopal GM Open 2018"]
[Site "Bhopal"]
[Date "2018.12.28"]
[Round "10"]
[White "Raahul V S"]
[Black "Vignesh N R"]
[Result "1/2-1/2"]
[ECO "A22"]
[WhiteElo "2381"]
[BlackElo "2455"]
[Annotator "RC"]
[PlyCount "48"]
[EventDate "2018.12.21"]
[EventType "swiss"]
[EventCountry "IND"]
[SourceTitle "playchess.com"]
[Source "ChessBase"]
[SourceQuality "1"]
[TimeControl "5400+30"]

1. c4 e5 2. Nc3 Nf6 3. g3 d5 4. cxd5 Nxd5 5. Bg2 Nb6 6. e3 g6 7. Nge2 Bg7 8. O-O O-O 9. f4 exf4 10. Nxf4 N8d7 11. d4 c5 12. b3 cxd4 13. exd4 Nb8 14. Nfe2 Re8 15. Ba3 Nc6 16. d5 Ne7 17. Rc1 Bg4 18. d6 Nf5 19. Qd2 Ne3 20. Rf2 Nxg2 21. Kxg2 Qd7 22. Nf4 Bh6 23. Qd4 Bg7 24. Qd2 Bh6 1/2-1/2

[Event "Bhopal GM Open 2018"]
[Site "Bhopal"]
[Date "2018.12.28"]
[Round "10"]
[White "Rathnakaran, K.."]
[Black "Sa, Kannan"]
[Result "1-0"]
[ECO "C40"]
[WhiteElo "2366"]
[BlackElo "2069"]
[Annotator "NA RC"]
[PlyCount "65"]
[EventDate "2018.12.21"]
[EventType "swiss"]
[EventCountry "IND"]
[SourceTitle "playchess.com"]
[Source "ChessBase"]
[SourceQuality "1"]
[TimeControl "5400+30"]

1. e4 e5 2. Nf3 Qe7 3. Bc4 h6 4. O-O d6 5. Nc3 {[%emt 0:00:07] C40: Latvian and Elephant Gambits} c6 6. d4 g6 (6... Nf6 7. a4 Qc7 8. a5 Be7 9. Nh4 Na6 10. dxe5 dxe5 11. f4 Nb4 12. f5 Qd6 13. Qe2 {1-0 (39) Adams,M (2740)-Kurajica,B (2541) Izmir 2004}) 7. dxe5 dxe5 8. a4 Bg4 $146 ({Predecessor:} 8... Bg7 9. b3 Be6 10. Ba3 Qf6 11. Be2 Nd7 12. Qd6 Bf8 {1-0 (44) Bustamante,H (2098)-Mora Ramirez,M (2041) San Cristobal 2015}) 9. h3 Bxf3 10. Qxf3 ({Don't take} 10. gxf3 $6 Nd7 $14) 10... Qf6 11. Qe2 g5 12. Rd1 Bc5 13. a5 Nd7 14. Na4 Qe7 15. Nxc5 Nxc5 16. b4 Ne6 17. Ba3 Nf6 18. b5 c5 19. Bxe6 fxe6 20. Bb2 O-O 21. Bxe5 Rad8 22. c4 Rd7 23. b6 a6 24. Bc7 Rf7 25. Qc2 Ne8 $2 (25... Kg7 26. Qc3 Kg6) 26. Rxd7 Qxd7 27. Rd1 Qc6 28. Rd8 $18 Kh7 29. Be5 Re7 30. Qe2 Kg6 31. h4 Rf7 32. hxg5 hxg5 33. Qg4 1-0

[Event "Bhopal GM Open 2018"]
[Site "Bhopal"]
[Date "2018.12.28"]
[Round "10"]
[White "Ziatdinov, Raset"]
[Black "Aleksandrov, Aleksej"]
[Result "0-1"]
[ECO "C54"]
[WhiteElo "2252"]
[BlackElo "2590"]
[Annotator "RC"]
[PlyCount "84"]
[EventDate "2018.12.21"]
[EventType "swiss"]
[EventCountry "IND"]
[SourceTitle "playchess.com"]
[Source "ChessBase"]
[SourceQuality "1"]
[TimeControl "5400+30"]

1. e4 e5 2. Nf3 Nc6 3. Bc4 Bc5 4. c3 Nf6 5. d4 exd4 6. cxd4 Bb4+ 7. Nc3 Nxe4 8. O-O Bxc3 9. d5 Bf6 10. Re1 Ne7 11. Rxe4 d6 12. Bg5 Bxg5 13. Nxg5 h6 14. Qe2 hxg5 15. Re1 Be6 16. dxe6 f6 17. Re3 c6 18. b4 Qb6 19. Rb1 O-O-O 20. a4 d5 21. Bd3 Kb8 22. h3 d4 23. Rg3 Nd5 24. Qd2 Rhe8 25. Bf5 Nf4 26. h4 d3 27. Kf1 Qc7 28. hxg5 fxg5 29. Re1 Qe7 30. Ree3 Rh8 31. Bh3 Rd4 32. Rxd3 Rxd3 33. Rxd3 Nxd3 34. Qxd3 Qxb4 35. Qd7 Qb1+ 36. Ke2 Qa2+ 37. Ke1 Qa1+ 38. Ke2 Qe5+ 39. Kf1 g4 40. e7 Ka8 41. f4 Qxf4+ 42. Kg1 Qe5 0-1

[Event "Bhopal GM Open 2018"]
[Site "Bhopal"]
[Date "2018.12.28"]
[Round "10"]
[White "Nayak Rajesh"]
[Black "Shyaamnikhil P"]
[Result "0-1"]
[ECO "B41"]
[WhiteElo "2173"]
[BlackElo "2448"]
[Annotator "NA RC"]
[PlyCount "54"]
[EventDate "2018.12.21"]
[EventType "swiss"]
[EventCountry "IND"]
[SourceTitle "playchess.com"]
[Source "ChessBase"]
[SourceQuality "1"]
[TimeControl "5400+30"]

1. e4 c5 2. Nf3 e6 3. d4 cxd4 4. Nxd4 a6 5. Be2 Nf6 {[%emt 0:03:38] LiveBook: 633 Games} 6. Nc3 Qc7 7. O-O Bb4 8. Qd3 Nc6 9. Nxc6 bxc6 10. Be3 {[%emt 0:11:22] B43: Sicilian: Kan Variation: 5 Nc3} (10. Bg5 d5 11. Rad1 Bb7 12. Qe3 Be7 13. e5 Nd7 14. Bxe7 Kxe7 15. Qg5+ Kf8 16. f4 h6 17. Qh4 g6 18. Kh1 {1-0 (35) Azarov,S (2635)-Gorovets,A (2478) Greensboro 2014}) 10... d5 11. a3 Be7 12. f4 a5 13. Bd4 $146 ({Predecessor:} 13. exd5 Nxd5 14. Kh1 Bd6 15. Ne4 Bxf4 16. Bxf4 Nxf4 17. Rxf4 Qxf4 18. Rf1 Qb8 19. Nd6+ Kf8 20. Rxf7+ Kg8 21. Qd4 {1-0 (21) Felber,J (2115)-Zemanian,L Long Island 1998}) 13... O-O 14. Qg3 Ne8 15. Rae1 c5 16. Be5 Qd8 17. Rd1 d4 $1 ({Reject} 17... f6 18. exd5 fxe5 19. dxe6 $11) 18. f5 $1 Bh4 (18... f6 $5 19. Bf4 $8 e5 $15) 19. Qf3 Qe7 20. Na4 (20. f6 $17 {might work better.} Bxf6 21. Bxf6 Nxf6 22. e5) 20... exf5 21. exf5 $19 Bb7 22. Qf4 Bf6 23. Bxf6 Qxe2 24. Rd2 Qe3+ 25. Qxe3 dxe3 26. Rd7 Bc6 27. Nb6 Bxd7 0-1

[Event "Bhopal GM Open 2018"]
[Site "Bhopal"]
[Date "2018.12.28"]
[Round "10"]
[White "Vaibhav Jayant Raut"]
[Black "Elgabry, Mohsen"]
[Result "1-0"]
[ECO "A05"]
[WhiteElo "2005"]
[BlackElo "2305"]
[Annotator "NA RC"]
[PlyCount "161"]
[EventDate "2018.12.21"]
[EventType "swiss"]
[EventCountry "IND"]
[SourceTitle "playchess.com"]
[Source "ChessBase"]
[SourceQuality "1"]
[TimeControl "5400+30"]

1. Nf3 Nf6 2. g3 g6 3. Bg2 Bg7 4. O-O O-O 5. d3 d5 6. Nbd2 c5 7. e4 dxe4 8. dxe4 Nc6 9. c3 Qc7 10. Qe2 e5 {[%emt 0:00:19] A08: King's Indian Attack} 11. Nc4 Be6 12. a4 h6 13. Nh4 $146 ({Predecessor:} 13. Nfd2 Rfe8 14. Re1 Rad8 15. Nf1 Bxc4 16. Qxc4 Na5 17. Qe2 Nb3 18. Rb1 Nxc1 19. Rbxc1 {0-1 (40) Pourramezanali,A (2533)-Yu,Y (2744) Tbilisi 2017}) 13... Bxc4 14. Qxc4 Na5 15. Qe2 Nb3 16. Rb1 Nxc1 17. Rbxc1 c4 18. Rcd1 h5 19. Rfe1 a6 20. a5 Qc5 21. Ra1 Rac8 22. Ra4 Rfd8 23. Bf1 Qb5 24. Rxc4 Qxa5 25. Rxc8 Rxc8 26. Rd1 Bf8 27. Nf3 Kg7 28. h3 Qc7 29. Kg2 Bc5 30. Qc4 b5 31. Qd3 Re8 32. Qc2 Qb6 33. Bd3 Re7 34. Qe2 Ne8 35. Bb1 Re6 (35... a5 $11 {keeps the balance.}) 36. Ba2 Rf6 37. b4 Bd6 38. Ng5 a5 39. Nxf7 axb4 40. cxb4 Rxf7 41. Bxf7 Kxf7 42. Qa2+ Kf6 43. Qg8 Qc6 44. Rd5 Qc4 45. Kf3 Qc6 $11 (45... Qc3+ $17 46. Ke2 Qc2+ 47. Kf3 Qc3+ $17 48. Kg2 Qxb4 49. Kf3 Qc3+ 50. Kg2 Qc6 $11) 46. Kg2 Ng7 47. Qd8+ Ke6 48. Qg8+ Kf6 49. Qd8+ Be7 50. Qb8 Qc3 51. Rxb5 g5 52. Rb6+ Kf7 53. Qb7 Qd3 54. Qc6 Kg8 55. Qg6 Qc4 56. b5 Qf7 57. Rb8+ Bf8 58. Qxg5 Kh7 59. b6 Bd6 60. Rd8 Bc5 61. Qd2 Bxb6 62. Rd7 Qg6 63. Qd3 Qf6 64. Qf3 Qxf3+ 65. Kxf3 Bd4 66. Ke2 Kg6 67. f4 Kf6 68. f5 Nxf5 69. exf5 Kxf5 70. Rf7+ Kg6 71. Rd7 Kf5 72. Kd3 h4 73. g4+ Kf4 74. Rxd4+ exd4 75. Kxd4 Kg3 76. g5 Kxh3 77. g6 Kh2 78. g7 h3 79. Ke3 Kh1 80. Kf2 h2 81. Kf3 1-0